 Dungeon Crawl Stone Soup version 0.31.0-11-ge490571c62 (webtiles) character file.

Game seed: 5047818330621747980

58 qw the Shooter (level 3, 0/18 HPs)
             Began as a Spriggan Hunter on Feb 5, 2024.
             Succumbed to Terence's poison
             ... on level 2 of the Dungeon.
             The game lasted 00:00:28 (1014 turns).

qw the Shooter (Spriggan Hunter)                    Turns: 1014, Time: 00:00:28

Health: 0/18       AC:  2    Str:  7    XL:     3   Next: 76%
Magic:  4/4        EV: 19    Int: 10    God:
Gold:   155        SH:  0    Dex: 20    Spells: 2/2 levels left

rFire   . . .        a - +0 shortbow
rCold   + . .        (shield currently unavailable)
rNeg    . . .        c - +0 robe
rPois   .            (helmet restricted)
rElec   .            (no cloak)
rCorr   .            (gloves unavailable)
SInv    +            (boots unavailable)
Will    .....        (no amulet)
Stlth   ++           d - ring of protection from cold
HPRegen 0.23/turn    (no ring)
MPRegen 0.09/turn

%: no passive effects
@: lethally poisoned (0 -> -14), very quick
A: very small, no large weapons, unfitting armour, see invisible, speed 3
a: no special abilities


You were on level 2 of the Dungeon.
You visited 1 branch of the dungeon, and saw 2 of its levels.

You collected 155 gold pieces.


Innate Abilities, Weirdness & Mutations

You are very small and have problems with some larger weapons.
You are too small for most types of armour.
You have supernaturally acute eyesight. (SInv)
You cover ground extremely quickly. (Speed+++)


   Skills:
 - Level 1.5 Fighting
 + Level 4.9 Ranged Weapons
 - Level 4.0 Dodging
 - Level 1.5 Stealth


You had 2 spell levels left.
You didn't know any spells.
Your spell library was empty.

Inventory:

Hand Weapons
 a - a +0 shortbow (weapon)
Armour
 c - a +0 robe (worn)
Jewellery
 d - a ring of protection from cold (left hand)
Scrolls
 b - a scroll of vulnerability {unknown}
Potions
 e - a potion of cancellation {unknown}
 f - a potion of degeneration {unknown}
 g - a potion of curing
 h - a potion of berserk rage {unknown}

Dungeon Overview and Level Annotations

Branches:
Dungeon (2/15)

Altars:
Elyvilon

Annotations:
D:2 Terence


Message History

f - a lumpy emerald potion You see here 5 stones.
You now have 155 gold pieces (gained 17).
You see here a giant cockroach corpse.
Things that are here:
a giant cockroach corpse; a giant cockroach corpse; a giant cockroach corpse
Things that are here:
a +0 whip; a giant cockroach corpse A hobgoblin comes into view.
You shoot an arrow. The arrow hits the hobgoblin.
You kill the hobgoblin!
Found an escape hatch in the ceiling.
Found a stone staircase leading up.
Enter note:
Enter note: Terence the Incautious comes into view.
He is wielding a +1 trident of venom.
You shoot an arrow. The arrow hits Terence.
Terence shouts!
Terence is lightly wounded.
You shoot an arrow.
The arrow hits Terence but does no damage.
Terence is lightly wounded.
You shoot an arrow. The arrow closely misses Terence.
You shoot an arrow.
The arrow hits Terence but does no damage.
Terence is lightly wounded.
You shoot an arrow. The arrow hits Terence.
Terence is heavily wounded.
Terence barely misses you.
You shoot an arrow.
The arrow hits Terence but does no damage.
Terence is heavily wounded.
Terence hits you from afar with a +1 trident of venom!
Ouch! That really hurt!
You are lethally poisoned!
You shoot an arrow. The arrow hits Terence!
Terence is almost dead.
You feel very sick. Terence completely misses you. Terence misses you.
You shoot an arrow. The arrow hits Terence.
Terence is almost dead.
You die...

#.. # #.# ### . #.# #..
.! ###.###.# .#.######
##.......# ........#
####.........
........####...^........
........##......##.####.
.....@.@....#......# #.
..............###### #)
........#.##### ####%
..........# ##.(%.
........### ##..%.%
.......[####### #......
##...#........# #......
....#.......<# #......
<.< #........# #......


You could see Terence.

Vanquished Creatures
  An adder (D:2)
  4 endoplasms
  12 giant cockroaches (D:2)
  A goblin (D:1)
  7 hobgoblins
  4 kobolds (D:1)
  3 ball pythons
  5 bats (D:1)
  A frilled lizard (D:1)
  4 rats (D:1)
42 creatures vanquished.

Notes
Turn   | Place    | Note
-------+----------+-------------------------------------------
     0 | D:1      | qw the Spriggan Hunter began the quest for the Orb.
     0 | D:1      | Reached XP level 1. HP: 10/10 MP: 2/2
     0 | D:1      | 0 ||| qw: Version: 0.3-a-160-g6735b56
     0 | D:1      | 0 ||| qw: Game counter: 6418
     0 | D:1      | 0 ||| qw: Melee chars always use a shield: true
     0 | D:1      | 0 ||| qw: God list: Okawaru
     0 | D:1      | 0 ||| qw: Allow faded altars: false
     0 | D:1      | 0 ||| qw: Do Orc after clearing Dungeon:15 true
     0 | D:1      | 0 ||| qw: Do second Lair branch before Depths: true
     0 | D:1      | 0 ||| qw: Lair rune preference: random
     0 | D:1      | 0 ||| qw: Goals: Normal
     0 | D:1      | 0 ||| PLANNING D:1-11
    17 | D:1      | Reached skill level 3 in Dodging
   145 | D:1      | Reached XP level 2. HP: 14/14 MP: 3/3
   685 | D:1      | 685 ||| UPGRADING to ring of protection from cold.
   686 | D:1      | 686 ||| READING scroll labelled COXKOE QIVVI.
   686 | D:1      | 686 ||| IDENTIFYING metallic silvery potion
   687 | D:1      | 687 ||| READING 2 scrolls labelled JOUNIU FIMYSCH.
   688 | D:1      | 688 ||| READING scroll labelled JONLUY RIOBU.
   688 | D:1      | 688 ||| ENCHANTING +0 shortbow.
   689 | D:1      | 689 ||| DROPPING scroll of butterflies.
   690 | D:1      | 690 ||| DROPPING scroll of immolation.
   743 | D:2      | Found a white marble altar of Elyvilon.
   821 | D:2      | Reached XP level 3. HP: 18/18 MP: 4/4
  1006 | D:2      | Noticed Terence
  1013 | D:2      | HP: 3/18 [poisoned by Terence]
  1014 | D:2      | Succumbed to Terence's poison

Levels and vault maps discovered:
D:1:      eino_arrival_tree_alley, layout_loops_ring, minmay_cupped
D:2:      minmay_roachtagon, layout_rooms, basic_altar, uniq_terence

Skill      XL: |  1  2 |
---------------+-------+-----
Dodging        | 3 4 |  4.0
Fighting       | |  1.5
Ranged Weapons | |  4.9
Stealth        | |  1.5

Action                     || total
---------------------------++-------
   Fire: Shortbow          ||   121
    Use: Scroll            ||     3
 Armour: Robe              ||     6
  Dodge: Dodged            ||    35

Table legend:
 A = Non-vault XP
 B = Vault XP
 C = Vault XP percentage of total XP
 D = Non-vault monster count
 E = Vault monster count
 F = Vault count percentage of total count
                 A         B        C        D         E       F
            +---------+---------+-------+---------+---------+-------
      Total |      56 |      28 |  33.3 |      27 |      15 |  35.7
            +---------+---------+-------+---------+---------+-------
        D:1 |      32 |       4 |  11.1 |      21 |       3 |  12.5
        D:2 |      24 |      24 |  50.0 |       6 |      12 |  66.7
            +---------+---------+-------+---------+---------+-------
